Cogmind - Beta 13 @@@ ROGUE MODE // 2024.04.04 @ 17:59:41 Player: engineer Result: Self-destructed Performance ------------- Evolutions (1) 500 Regions Visited (2) 400 Robots Destroyed (32) 160 Value Destroyed (880) 880 Prototype IDs (0) 0 Alien Tech Used (0) 0 Bonus (0) 0 TOTAL SCORE: 1940 Bonus ------- None Cogmind --------- Core Integrity 172/400 Matter 203/300 Energy 100/100 System Corruption 1% Temperature Cool (0) Movement Walking (120) Location -9/Materials Parts ------- > --- POWER (1) -------- (None) > --- PROPULSION (3) --- Aluminum Leg > --- UTILITY (3) ------ Small Storage Unit Sensor Array Signal Interpreter > --- WEAPON (2) ------- (None) > --- INVENTORY (8) ---- Armored Wheel Visual Processing Unit Salvage Targeting Computer Light Armor Plating Hacking Suite Hacking Suite Grenade Launcher Katana Peak State ------------ > --- POWER ------------ Ion Engine > --- PROPULSION ------- Aluminum Leg Aluminum Leg Aluminum Leg > --- UTILITY ---------- Small Storage Unit Sensor Array Signal Interpreter > --- WEAPON ----------- Assault Rifle Light Assault Rifle > --- INVENTORY -------- Armored Wheel Visual Processing Unit Light Armor Plating Hacking Suite Hacking Suite Grenade Launcher Datajack [Rating: 10] Favorites ----------- Power Ion Engine Engine Ion Engine Propulsion Aluminum Leg Leg Aluminum Leg Wheel Wheel Utility Small Storage Unit Device Sensor Array Storage Small Storage Unit Processor Signal Interpreter Protection Light Armor Plating Weapon Assault Rifle Ballistic Gun Assault Rifle Launcher Grenade Launcher Build | -11 -10 -9 ------- Run | Yrd Mat Mat Slots Evolved 2 | . . 2 Power . | . . . Propulsion 1 | . . 1 Utility 1 | . . 1 Weapon . | . . . Parts Attached 29 | 6 19 4 Power 3 | 1 1 1 Engine 3 | 1 1 1 Core . | . . . Reactor . | . . . Propulsion 10 | 2 7 1 Treads . | . . . Leg 7 | . 6 1 Wheel 3 | 2 1 . Hover . | . . . Flight . | . . . Utility 6 | 1 4 1 Device 2 | . 1 1 Storage 1 | 1 . . Processor 1 | . 1 . Hackware . | . . . Protection 2 | . 2 . Artifact . | . . . Weapon 10 | 2 7 1 Energy Gun . | . . . Energy Cannon . | . . . Ballistic Gun 7 | 2 4 1 Ballistic Cannon . | . . . Launcher 3 | . 3 . Special Weapon . | . . . Impact Weapon . | . . . Slashing Weapon . | . . . Piercing Weapon . | . . . Special Melee Weapon . | . . . Unidentified Prototypes . | . . . Parts Lost 8 | . 3 5 Power 1 | . . 1 Propulsion 4 | . 2 2 Utility . | . . . Weapon 3 | . 1 2 Highest Loss Streak 4 | . 1 4 To Critical Strikes . | . . . Average Slot Usage (%) 97 | . 98 93 Engine 13 | . 14 10 Leg 26 | . 26 27 Device 6 | . 4 11 Storage 13 | . 14 11 Processor 7 | . 5 11 Protection 2 | . 2 . Ballistic Gun 23 | . 25 20 Launcher 2 | . 2 1 Naked Turns . | . . . Heaviest Build 17 | 13 17 16 Greatest Support 30 | 20 20 30 Greatest Overweight (x) 4 | . 4 . Average Overweight (x) . | . . . Largest Inventory Capacity 8 | 8 8 8 Average Capacity 7 | 7 8 8 Most Carried 8 | 2 8 8 Average Carried 7 | . 7 7 Final Capacity 8 | 8 8 8 Final Carried 8 | 2 8 8 Class Distribution -------------------- 85% | Mutant 14% | Scavenger-Mutant Dominant Class ---------------- Mutant | -10/Materials Scavenger-Mutant | -9/Materials Resources | -11 -10 -9 ----------- Run | Yrd Mat Mat Matter Collected 998 | 205 635 158 Remotely . | . . . Salvage Created 1030 | . 781 249 Parts 81 | . 58 23 Haulers Intercepted 1 | . 1 . Recyclers Shooed 1 | . 1 . Parts Field Recycled . | . . . Retrieved Matter . | . . . Parts Self-Destructed . | . . . Prevented . | . . . Kills | -11 -10 -9 ------- Run | Yrd Mat Mat Combat Hostiles Destroyed 23 | . 18 5 Guns 18 | . 13 5 AOE 5 | . 5 . Classes Destroyed 8 | . 6 2 Hauler 1 | . 1 . Recycler 1 | . 1 . Operator 2 | . 2 . Watcher 5 | . 3 2 Swarmer 3 | . 3 . Grunt 18 | . 15 3 Duelist 1 | . . 1 Sentry 1 | . . 1 Best Kill Streak 4 | . 4 2 Combat Bots Only 4 | . 4 2 Max Kills in Single Turn 2 | . 2 1 Gunslinging . | . . . Exploded 2 | . 2 . Melee . | . . . Uniques/NPCs Destroyed . | . . . Combat | -11 -10 -9 -------- Run | Yrd Mat Mat Hostile Shots Fired 151 | . 89 62 Missed 34 | . 19 15 Damage Taken 1471 | . 787 684 Core 396 | . 168 228 Absorbed by Shields . | . . . Regen/Repaired (Parts) 75 | . 75 . Core Remaining (%) 66 | 100 32 . Volleys Fired 122 | . 77 45 Largest 2 | . 2 2 Hottest 50 | . 50 40 Shots Fired 230 | . 150 80 Gun 225 | . 145 80 Cannon . | . . . Launcher 5 | . 5 . Special . | . . . Kinetic 225 | . 145 80 Thermal . | . . . Explosive 5 | . 5 . Electromagnetic . | . . . Robot Hit Streak 12 | . 12 10 Robot Miss Streak 6 | . 3 6 Penetration Max . | . . . Secondary Targets 5 | . 5 . Max Gunslinging Chain 1 | . 1 . Shots Hit Robots 144 | . 96 48 Core Hits 61 | . 44 17 Critical Kills 1 | . 1 . Critical Parts Destroyed 2 | . 1 1 Critical Strikes 3 | . 2 1 Destroy 3 | . 2 1 Melee Attacks . | . . . Impact . | . . . Slashing . | . . . Piercing . | . . . Sneak Attacks . | . . . Combat Hostiles . | . . . Follow-up Attacks . | . . . Damage Inflicted 1995 | . 1454 541 Guns 1668 | . 1127 541 Cannons . | . . . Explosions 327 | . 327 . Melee . | . . . Ramming . | . . . Kinetic 1668 | . 1127 541 Thermal . | . . . Explosive 327 | . 327 . Electromagnetic . | . . . Impact . | . . . Slashing . | . . . Piercing . | . . . Highest Corruption 1 | . . 1 Average Corruption 1 | . . 1 Corruption Purged . | . . . Corruption Blocked . | . . . Effects 8 | . . 8 Matter Fused 3 | . . 3 Heat Flow Errors 1 | . . 1 Energy Discharges 1 | . . 1 Data Loss (minor) 2 | . . 2 Weapon Failures 1 | . . 1 Overload Shots . | . . . Overflow Damage . | . . . Projectiles . | . . . Explosions . | . . . Melee . | . . . Knockbacks . | . . . Impact . | . . . Kinetic . | . . . Secondary . | . . . Self-Inflicted Damage . | . . . Shots . | . . . Rammed . | . . . Targets Rammed . | . . . Kicked . | . . . Crushed . | . . . Highest Temperature 161 | . 15 161 Average Temperature 26 | . 5 52 Received Heat Transfer 672 | . 387 285 Siege Activations . | . . . Robots Corrupted . | . . . Combat Hostiles . | . . . Parts Fried . | . . . Impact Corruptions . | . . . Robots Melted . | . . . Combat Hostiles . | . . . Parts Melted . | . . . Heat Transferred . | . . . Parts Sabotaged . | . . . Parts Stolen . | . . . Parts Stripped . | . . . Power Chain Reactions . | . . . Alert | -11 -10 -9 ------- Run | Yrd Mat Mat Peak Influence 178 | . 178 95 Initial 11 | . . 11 Average 58 | . 66 41 Maximum Alert Level . | . . . Low Security (%) 100 | 100 100 100 Level 1 . | . . . Level 2 . | . . . Level 3 . | . . . Level 4 . | . . . Level 5 . | . . . High Security . | . . . Max Security . | . . . Squads Dispatched 5 | . 5 . Investigation 3 | . 3 . Extermination . | . . . Reinforcement 2 | . 2 . Assault . | . . . Garrison . | . . . Intercept . | . . . Searches Triggered . | . . . Construction Impeded . | . . . Haulers Reinforced . | . . . Active Scanning Responses . | . . . Cargo Convoy Interrupts . | . . . Stealth | -11 -10 -9 --------- Run | Yrd Mat Mat Distress Signals 2 | . 1 1 Communications Jammed . | . . . Distress Signals . | . . . Times Spotted 40 | . 30 10 Peak Tracking Total 6 | . 6 2 Tactical Retreats 3 | . 1 2 Traps | -11 -10 -9 ------- Run | Yrd Mat Mat Traps Triggered 3 | . 2 1 Indirectly . | . . . Trap Hack Attempts . | . . . Triggered . | . . . Disarmed . | . . . Reprogrammed . | . . . Reused . | . . . Traps Extracted . | . . . Installed . | . . . Triggered . | . . . Machines | -11 -10 -9 ---------- Run | Yrd Mat Mat Machines Disabled . | . . . Max in Single Turn . | . . . Machines Repaired . | . . . Machines Dismantled . | . . . Machines Sabotaged . | . . . Overloaded Fab Kills . | . . . Hacking | -11 -10 -9 --------- Run | Yrd Mat Mat Machines Accessed 10 | . 8 2 Terminals 8 | . 6 2 Fabricators . | . . . Repair Stations 1 | . 1 . Recycling Units 1 | . 1 . Scanalyzers . | . . . Garrison Access . | . . . Total Hacks 27 | . 23 4 Successful 15 | . 11 4 Failed 12 | . 12 . Catastrophic 1 | . 1 . Database Lockouts . | . . . Manual 24 | . 20 4 Terminals 23 | . 19 4 Fabricators . | . . . Repair Stations 2 | . 2 . Recycling Units 2 | . 2 . Scanalyzers . | . . . Garrison Access . | . . . Terminal Hacks 9 | . 6 3 Terminal Index 2 | . 1 1 Alert Level 1 | . 1 . Locate Traps 1 | . 1 . Dispatch Records 2 | . 1 1 Transport Status 1 | . 1 . Hauler Manifests 2 | . 1 1 Fabricator Hacks . | . . . Repair Station Hacks 2 | . 2 . Scan Component 1 | . 1 . Repair 1 | . 1 . Recycling Unit Hacks . | . . . Scanalyzer . | . . . Garrison Access Hacks . | . . . Unauthorized Hacks 4 | . 3 1 Terminals 3 | . 2 1 Assimilate 1 | . 1 . Operators 2 | . 1 1 Fabricators . | . . . Repair Stations . | . . . Recycling Units 1 | . 1 . Tunnel 1 | . 1 . Scanalyzers . | . . . Garrison Access . | . . . Data Cores Recovered . | . . . Used . | . . . Hacking Detections 9 | . 7 2 Full Trace Events . | . . . Feedback Events . | . . . Feedback Blocked . | . . . Robot Schematics Acquired . | . . . Robots Built . | . . . Authchips . | . . . Time . | . . . Total Robot Build Rating . | . . . Part Schematics Acquired . | . . . Parts Built . | . . . Authchips . | . . . Time . | . . . Total Part Build Rating . | . . . Parts Repaired 1 | . 1 . Time 26 | . 26 . Parts Recycled . | . . . Recycled Matter . | . . . Retrieved Matter . | . . . Retrieved Components . | . . . Parts Scanalyzed . | . . . Part Schematics Acquired . | . . . Parts Damaged . | . . . Bothacking | -11 -10 -9 ------------ Run | Yrd Mat Mat Used RIF Installer . | . . . Robots Hacked . | . . . Non-combat . | . . . Combat . | . . . Robot Hacks Applied . | . . . Relay Couplers Released . | . . . Fabnet Peak Effective % . | . . . Robots Rewired . | . . . Allies Hacked . | . . . Hacks Repelled . | . . . Allies | -11 -10 -9 -------- Run | Yrd Mat Mat Total Allies 1 | . 1 . Largest Group 1 | . 1 . Highest-Rated Group 10 | . 10 . Highest-Rated Ally 10 | . 10 . Total Orders 1 | . 1 . STAY 1 | . 1 . Ally Attacks . | . . . Total Damage . | . . . Kills . | . . . Allies Corrupted . | . . . Allies Melted . | . . . Intel | -11 -10 -9 ------- Run | Yrd Mat Mat Robot Analysis Total . | . . . Derelict Logs Recovered . | . . . Drone Launches . | . . . Drone Recoveries . | . . . Exploration | -11 -10 -9 ------------- Run | Yrd Mat Mat Turns Passed 3514 | 47 2507 960 Spaces Moved 1894 | 47 1365 482 Core 4 | 3 1 . Treads . | . . . Legs 1774 | . 1292 482 Wheels 116 | 44 72 . Hover . | . . . Flight . | . . . Fastest Speed 50 | 50 80 120 Average Speed 117 | 78 118 120 Slowest Speed 250 | 80 250 120 Overloaded Moves . | . . . Propulsion Burnouts . | . . . Robots Hopped . | . . . Cave-ins Triggered . | . . . Exploration Rate (%) 38 | 4 94 18 Regions Visited 2 Branch Regions . Pre-discovered Areas 1 | . 1 . Known Exits Taken 1 | . 1 . Unknown Exits Taken 1 | 1 . . Scrap Searched . | . . . Spaces Dug . | . . . Terrain Destroyed 30 | . 30 . Melee . | . . . Projectile . | . . . AOE 30 | . 30 . Terrain Rammed . | . . . Walls Destroyed . | . . . Machines Disabled . | . . . Actions | -11 -10 -9 --------- Run | Yrd Mat Mat Total 2952 | 54 2109 789 Wait 877 | . 626 251 Move 1892 | 46 1364 482 Hop . | . . . Pick Up 18 | 2 12 4 Fast Attach 13 | 6 6 1 Attach 3 | . 2 1 Detach 1 | . 1 . Swap 13 | . 11 2 Drop 13 | . 10 3 Fire 122 | . 77 45 Melee . | . . . Ram . | . . . Kick . | . . . Crush . | . . . Escape Stasis . | . . . Rewire . | . . . Trap . | . . . Miscellaneous . | . . . Route ------- -11/Scrapyard -10/Materials (discovered 4 exits: *Mat x2 / *Min x2) -9/Materials History --------- Turn | Location | Event 36 | -11/Scrapyard | Discovered new exit (range 13) 48 | -11/Scrapyard | Entered Materials 303 | -10/Materials | Build established: Mutant 646 | -10/Materials | Discovered new exit (range 13) 1224 | -10/Materials | Discovered new exit (range 10) 1574 | -10/Materials | Core integrity fell below 50% 1714 | -10/Materials | Identified exit to Mines 1898 | -10/Materials | Discovered new exit (range 16) 2174 | -10/Materials | Repaired Assault Rifle 2185 | -10/Materials | Discovered new exit (range 11) 2197 | -10/Materials | Identified exit to Materials 2555 | -10/Materials | Entered another Materials area 2555 | -9/Materials | Evolved 2 slots: Propulsion x1, Utility x1 2960 | -9/Materials | Build established: Scavenger-Mutant 3476 | -9/Materials | Build established: Mutant 3511 | -9/Materials | Core integrity fell below 50% 3515 | -9/Materials | Self-destructed Last Messages --------------- 03093_ K-01 Serf collects debris. 03110_ K-01 Serf cleans the Atomic Centrifuge. 03125_ System corrupted: Matter fused (-6). 03186_ Aluminum Leg destroyed. 03239_ System corrupted: Energy discharge (-72). 03330_ System corrupted: Component data lost. 03347_ Connecting with Terminal... >>Enumerate(Squads) Retrieving dispatch records... Found 23 active squads: 9x Security 4x Surveillance 4x Patrol 6x Transport 03459_ W-16 Scout destroyed. 03494_ Lgt. Assault Rifle destroyed. 03500_ Ion Engine destroyed. 03502_ Aluminum Leg destroyed. 03505_ G-34 Mercenary destroyed. 03514_ Assault Rifle destroyed. Map ----- +----------------------------------------------------+ | # """ # # #??????????????????????????? | | # # ### # ! #??????????????????????????? | | ####+## #?# # #??????????????????????????? | | ???# #?# + """ #??????????????????????????? | | ???# #?# # """ #??????????????????????????? | | ???# #?#! # !""" #??????????????????????????? | | ???#####+### !##########????????????????????????? | | ???# # #! #????????????????????????? | | ???# T + # """#????????????????????????? | | ???# # # """#????????????????????????? | | ???######### + """###########??????????????? | | ?########### # # #??????????????? | | ?# # # """#]]= #??????????????? | | ?# ] # # """#]]= #??????????????? | | ?# # # """#]== """ #??????????????? | | ?# # # = # """ #??????????????? | | ?# """ """ # ########## """ #??????????????? | | ?# """ """ # #????????# #??????????????? | | ?# """ """ # #????????# % #??????????????? | | ?# # #????????#####+#####??????????????? | | ??######+### ############ #????????????????? | | ????# #????????????????? | | ????# #????????????????? | | ????# #????????????????? | | ??######+#############/###x %! #????????????????? | | ?# #????# g@## ##????????????????? | | ?# """ """ #????#""" *% ## #?????????????????? | | ?# "R" """ #????#""" ! ## #?????????????????? | | ?# " " """ #????#""" ## #?????????????????? | | ?# #????# ## #?????????????????? | | ?# *#????#""" ## #?????????????????? | | ?#] #????#""" ## #?????????????????? | | ?# #????#""" ## #?????????????????? | | ?###########????# ## #?????????????????? | | ????????????????########### x#?????????????????? | | ??????????????????????????+ #?????????????????? | | ??????????????????????????# #?x???????????????? | | ??????????????????????????# x?????????????????? | | ??????????????????????????# #?????????????????? | | ??????????????????????????# #?????????????????? | | ??????????????????????????# #?????????????????? | | ??????????????????????????# ??????????????????? | | ??????????????????????????# ??????????????????? | | ?????????????????????????o# ??????????????????? | | ??????????????????????????+ ??????????????????? | | ??????????????????????????# ??????????????????? | | ???????????????????????????# #??????????????????? | | ????????????????????????????????????????????????? | | ????????????????????????????????????????????????? | | ????????????????????????????????????????????????? | +----------------------------------------------------+ Best States ------------- Heat Dissipation 28 Energy Generation 10 Energy Capacity 250 Matter Stores 300 Matter Capacity 300 Sight Range 16 Robot Scan Range 14 Terrain Scan Density 10 Armor Coverage 150 Core Shielding 20 Evasion (%) 55 Item Schematics ----------------- None Robot Schematics ------------------ None Fabricated ------------ Nothing Alien Tech Used ----------------- None Achievements -------------- None Challenges ------------ None Game ------ Seed PortableLauncherRifle Manual? 0 Play Time 00:30:09 Cumulative 8.9 hours Start 2024.04.04 @ 17:30:10 End 2024.04.04 @ 17:59:41 Sessions 1 Manual Loads 0 Difficulty Rogue Special Mode None Game No. 22 Rogue 22 Adventurer 0 Explorer 0 Win Type - Total 0 Types 0/0/0/0/0/0/0/0/0 Lore% 7 Gallery% 12 Achievement% 14 Wizard Run 0 Options --------- Layout 0 ASCII 0 Keyboard 0 Movement Mouse Keybinds 0 Fullscreen 2 Font 24/Smallcaps Map View 76x50 Zoom Use 0% Tactical HUD 1 Map Filters NONE Filters NONE Steam 1 RUN: 88fbb3c0-fcd1-4018-843e-284466c16222